 Dungeon Crawl Stone Soup version 0.31.0-12-g77e489cdc1 (webtiles) character file.

Game seed: 13690481332107242690

51 Doomgape the Trooper (level 3, -7/24 HPs)
             Began as a Gargoyle Fighter on Mar 4, 2024.
             Mangled by Crazy Yiuf
             ... wielding a +4 quarterstaff of chaos
              (8 damage)
             ... on level 2 of the Dungeon.
             The game lasted 00:03:15 (1606 turns).

Doomgape the Trooper (Gargoyle Fighter)             Turns: 1606, Time: 00:03:15

Health: -7/24      AC: 10    Str: 21    XL:     3   Next: 81%
Magic:  0/3        EV:  9    Int:  8    God:
Gold:   184        SH:  5    Dex: 15    Spells: 2/2 levels left

rFire   . . .        a - +0 flail
rCold   . . .        c - +0 buckler
rNeg    + . .        b - +0 scale mail
rPois   ∞            (no helmet)
rElec   +            (no cloak)
rCorr   .            (no gloves)
SInv    .            (no boots)
Will    .....        (no amulet) Stlth
                     i - +6 ring of dexterity
HPRegen 0.24/turn    (no ring)
MPRegen 0.08/turn

%: no passive effects
@: no status effects
A: sickness immunity, AC +3, negative energy resistance 1, electricity
resistance, torment resistance 1, petrification resistance
a: no special abilities


You were on level 2 of the Dungeon.
You visited 1 branch of the dungeon, and saw 2 of its levels.

You collected 184 gold pieces.

Inventory:

Hand Weapons
 a - a +0 flail (weapon)
Armour
 b - a +0 scale mail (worn)
 c - a +0 buckler (worn)
Jewellery
 i - a +6 ring of dexterity (left hand)
Scrolls
 f - 4 scrolls of teleportation {unknown}
 h - a scroll of identify {unknown}
 j - a scroll of vulnerability {unknown}
Potions
 d - a potion of might
 e - a potion of curing {unknown}
 g - a potion of brilliance {unknown}
 k - a potion of enlightenment {unknown}


   Skills:
 + Level 3.8 Fighting
 + Level 2.6 Maces & Flails
 + Level 3.8 Armour
 + Level 3.8 Shields


You had 2 spell levels left.
You didn't know any spells.
Your spell library was empty.

Dungeon Overview and Level Annotations

Branches:
Dungeon (2/15)

Altars:
Wu Jian

Annotations:
D:2 Crazy Yiuf


Innate Abilities, Weirdness & Mutations

You are immune to sickness and miasma.
Your stone body is resilient. (AC +3)
You are immune to poison.
You resist negative energy. (rN+)
You are resistant to electric shocks. (rElec)
You are resistant to unholy torment.
You are immune to petrification.


Message History

You see here a bat corpse.
There is an escape hatch in the floor here.
You now have 184 gold pieces (gained 15).
e - a silvery potion
Found a hammer.
Found a runed translucent door.
Crazy Yiuf shouts!
Crazy Yiuf whimpers, "Announcement!"
Crazy Yiuf screams, "Cod mobile disdain!"
You see here 7 stones.
You see here 7 stones.
Crazy Yiuf shouts!
You open the door.
Crazy Yiuf yells, "Cake!
Defame sow Orb Guardian."
You closely miss Crazy Yiuf.
Crazy Yiuf hits you with a +4 quarterstaff of chaos.
You hit Crazy Yiuf but do no damage.
Crazy Yiuf hits you with a +4 quarterstaff of chaos.
Crazy Yiuf freezes you.
You sock Crazy Yiuf!
Crazy Yiuf is severely wounded.
Crazy Yiuf hits you with a +4 quarterstaff of chaos.
* * * LOW HITPOINT WARNING * * *
You feel your power leaking away. Crazy Yiuf hits you but does no damage.
You closely miss Crazy Yiuf.
Crazy Yiuf is severely wounded.
Crazy Yiuf closely misses you.
Unknown command.
You aren't carrying any items that you can evoke.
Okay, then.
Crazy Yiuf attacks as he pursues you! You block Crazy Yiuf's attack.
Crazy Yiuf attacks as he pursues you!
Crazy Yiuf hits you with a +4 quarterstaff of chaos.
* * * LOW HITPOINT WARNING * * *
Crazy Yiuf freezes you.
* * * LOW HITPOINT WARNING * * *
Crazy Yiuf screams, "Race Orb Guardian arga!"
Crazy Yiuf attacks as he pursues you!
Crazy Yiuf hits you with a +4 quarterstaff of chaos!
You die...

#..# #..
######..# #.#
########.......#
#..
#........#####.#
#.# #.######.#
#.# #.# #.# ###
### #.# #.# #..
##.##♣♣♣♣♣ #.#
#...@g.♣.♣♣♣ ###
#..
#.......♣..♣#...#
###
#......♣♣♣♣.'...#
##....♣♣ ♣♣#..)#
####♣♣ ### ###
#.#


You could see Crazy Yiuf.

Vanquished Creatures
  2 adders (D:2)
  2 ball pythons (D:1)
  6 bats
  6 endoplasms (D:1)
  A giant cockroach (D:2)
  2 goblins (D:1)
  3 hobgoblins (D:1)
  3 kobolds (D:1)
  2 frilled lizards (D:2)
  3 rats (D:1)
30 creatures vanquished.

Notes
Turn   | Place    | Note
-------+----------+-------------------------------------------
     0 | D:1      | Doomgape the Gargoyle Fighter began the quest for the Orb.
     0 | D:1      | Reached XP level 1. HP: 14/14 MP: 1/1
   155 | D:1      | Reached XP level 2. HP: 17/19 MP: 2/2
   598 | D:1      | Reached XP level 3. HP: 17/23 MP: 3/3
   859 | D:2      | Found an ornate altar of the Wu Jian Council.
  1409 | D:2      | Found a runed translucent door.
  1410 | D:2      | Noticed Crazy Yiuf
  1605 | D:2      | HP: 1/24 [Crazy Yiuf/+4 quarterstaff of chaos (1)]
  1606 | D:2      | Mangled by Crazy Yiuf

Illustrated notes

Levels and vault maps discovered:
D:1:      pf_arrival_petrified_forest, layout_loops_ring
D:2:      layout_loops_ring, basic_altar, minmay_tree_intersection,
          uniq_crazy_yiuf_cottage

Action                     || total
---------------------------++-------
  Melee: Flail             ||   111
    Use: Scroll            ||     1
 Armour: Scale mail        ||   106
  Dodge: Dodged            ||    61
  Block: Buckler           ||    34
